 Dungeon Crawl Stone Soup version 0.31-a0-656-gb4d89c20fa (webtiles) character file.

Game seed: 15715299130507605897

1268 lunkers the Martial Artist (level 9, -2/62 (64) HPs)
             Began as a Meteoran Shapeshifter on Aug 30, 2023.
             Was an Initiate of Gozag.
             Slain by a wight
             ... wielding a +0 spear
              (4 damage)
             ... on level 5 of the Dungeon.
             The game lasted 00:05:03 (2497 turns).

lunkers the Martial Artist (Meteoran Shapeshifter)  Turns: 2497, Time: 00:05:03

HP:   -2/62 (64)    AC:  6    Str: 16    XL:     9   Next: 9%
MP:   10/10         EV: 11    Int:  8    God:    Gozag
Gold: 413           SH:  0    Dex: 18    Spells: 8/8 levels left

rFire   . .          .
                       - Unarmed
rCold   . . .        (no shield)
rNeg    . . .        l - +1 ring mail
rPois   .            (helmet currently unavailable)
rElec   .            (cloak currently unavailable)
rCorr   +            (gloves currently unavailable)
SInv    +            (boots currently unavailable)
Will    +++..        (no amulet)
Stlth   +            b - ring of the Lotus Blossom {Will+ rCorr Int-4 SInv}
HPRegen 0.30/turn    n - ring of willpower
MPRegen 0.12/turn

%: no passive effects
@: beast-form, gold aura, glowing, lightly drained
A: beast (slay +4), sense surroundings 2, otherworldly, glowing, explore regen
a: Begin Untransformation, Renounce Religion, Potion Petition, Call Merchant,
Bribe Branch


You were on level 5 of the Dungeon.
You worshipped Gozag.
Gozag was aware of your devotion.
You were a hulking beast.
You visited 2 branches of the dungeon, and saw 6 of its levels.

You collected 476 gold pieces.
You paid 63 gold pieces to Gozag.

Inventory:

Armour
 a - a +0 animal skin
 l - a +1 ring mail (worn)
Jewellery
 b - the ring of the Lotus Blossom (left hand) {Will+ rCorr Int-4 SInv}
   (You found it on level 5 of the Dungeon)

   [ring of resist corrosion]

   Int-4:     It affects your intelligence (-4).
   Will+:     It increases your willpower.
   SInv:      It lets you see invisible.
   rCorr:     It protects you from acid and corrosion.
 m - a ring of flight
 n - a ring of willpower (right hand)
Talismans
 c - a beast talisman (active)
 d - a flux talisman
Scrolls
 e - 3 scrolls of teleportation
 g - a scroll of identify
 j - a scroll of enchant armour
Potions
 f - a potion of cancellation
 h - a potion of enlightenment
 i - a potion of curing
 k - a potion of might
 o - a potion of haste


   Skills:
 - Level 1.1 Fighting
 - Level 2.1 Dodging
 * Level 10.4 Unarmed Combat
 + Level 7.3 Shapeshifting


You had 8 spell levels left.
You didn't know any spells.
Your spell library contained the following spells:

 Spells                   Type           Power      Damage    Failure   Level
 Cigotuvi's Dreadful Rot  Necr/Pois/Air  0%         N/A       77%         2
 Dispel Undead            Necr           0%         3d6       100%        4
 Death Channel            Necr           0%         N/A       100%        6


Dungeon Overview and Level Annotations

Branches:
Dungeon (5/15) Zot: 610    Temple (1/1) D:4 Zot: 522

Altars:
Ashenzari
Cheibriados
Dithmenos
Elyvilon
Gozag
Hepliaklqana
Kikubaaqudgha
Nemelex Xobeh
Qazlal
Ru
Sif Muna
Trog
Uskayaw
Wu Jian
Xom
Yredelemnul

Shops:
D:4 (


Innate Abilities, Weirdness & Mutations

You are a hulking beast.
Your limbs bulge with bestial killing power. (Slay +4)
You passively map the area around you.
You are easily found by Zot.
You glow in the dark.
You regain HP and MP as you explore.


Message History

You punch the wight!
The wight is heavily damaged.
The wight barely misses you. x2
You hit the wight.
The wight is heavily damaged.
The wight is no longer distracted by gold.
The wight misses you. The wight barely misses you.
You punch the wight!
You destroy the wight!
The wight barely misses you.
You punch the wight!
The wight is heavily damaged.
You closely miss the wight.
The wight is heavily damaged.
The wight closely misses you. The wight misses you.
You closely miss the wight.
The wight is heavily damaged.
The wight hits you with a +2 spear of freezing.
The wight freezes you.
The wight hits you with a +5 short sword!
You feel drained. The wight misses you.
You punch the wight!
You destroy the wight!
The wight hits you with a +0 long sword!
* * * LOW HITPOINT WARNING * * *
The wight hits you from afar with a +0 spear.
* * * LOW HITPOINT WARNING * * *
You feel drained.
* * * LOW HITPOINT WARNING * * *
The wight hits you with a +5 short sword!
* * * LOW HITPOINT WARNING * * *
Your life force feels restored.
You hit the wight but do no damage.
The wight hits you with a +0 long sword!
* * * LOW HITPOINT WARNING * * *
You feel drained.
* * * LOW HITPOINT WARNING * * *
The wight hits you from afar with a +0 spear.
You die...
Your body crumbles into a pile of gold.

#.###.......##.#......# .#.#*#
..........####.#......# ,*.#.###
#.####....####+##.....# *, .#○#..
#.#.......##....#.....# ,*.#○#..
#..)....<###....#.....# #...#..
###)########..).####+##+#######..
#.# ..........#.#........... #)#
......$...#.#........... #.# *
#z$h..#.#........#.. #.# * ,
*##zz..#..........### #.# * ,
#.....#.#+##..##* #.# ,
###...#...##(## #.# *
#.....##...#.#### * #..* *,
#...........#....### #.. *
#...#######.#..).... #... * #+#.
#.'....... *#... #.* ###.......


You could see 3 wights.

Vanquished Creatures
  Grinder (D:3)
  A vampire (D:5)
  Menkaure (D:5)
  An ogre (D:4)
  3 scorpions
  2 necrophages (D:5)
  2 wights (D:5)
  2 orc priests (D:5)
  A hound (D:4)
  Jessica (D:3)
  4 orc wizards
  4 adders (D:3)
  A white imp (D:5)
  An ufetubus (D:4)
  A worm (D:5)
  A dart slug (D:3)
  12 orcs
  3 ball pythons
  2 bats (D:2)
  7 endoplasms
  A giant cockroach (D:2)
  3 goblins
  4 hobgoblins
  3 jackals (D:4)
  3 quokkas
  2 frilled lizards (D:1)
  5 kobolds
  2 rats (D:2)
74 creatures vanquished.

Notes
Turn   | Place    | Note
-------+----------+-------------------------------------------
     0 | D:1      | lunkers the Meteoran Shapeshifter began the quest for the
                  | Orb.
     0 | D:1      | Reached XP level 1. HP: 16/16 MP: 2/2
   179 | D:1      | Reached XP level 2. HP: 17/23 MP: 3/3
   197 | D:1      | Reached skill level 4 in Unarmed Combat
   275 | D:1      | Found a faded altar of an unknown god.
   502 | D:1      | Glimpsed the power of Zot.
   584 | D:2      | Reached XP level 3. HP: 28/28 MP: 4/4
   884 | D:3      | Found a hazy altar of Hepliaklqana.
  1087 | D:3      | Reached skill level 5 in Unarmed Combat
  1087 | D:3      | Reached XP level 4. HP: 34/35 MP: 5/5
  1272 | D:3      | Noticed Jessica
  1278 | D:3      | Killed Jessica
  1279 | D:3      | Reached XP level 5. HP: 36/40 MP: 6/6
  1303 | D:3      | Noticed Grinder
  1320 | D:3      | Killed Grinder
  1321 | D:3      | Reached skill level 7 in Unarmed Combat
  1321 | D:3      | Reached skill level 5 in Shapeshifting
  1321 | D:3      | Reached XP level 6. HP: 47/47 MP: 7/7
  1485 | D:4      | Found a shimmering altar of Xom.
  1508 | D:4      | Found a staircase to the Ecumenical Temple.
  1521 | Temple   | Entered the Ecumenical Temple
  1551 | Temple   | Became a worshipper of Gozag Ym Sagoz the Greedy
  1605 | D:4      | Noticed an ogre
  1615 | D:4      | Killed an ogre
  1616 | D:4      | Reached XP level 7. HP: 22/52 MP: 8/8
  1770 | D:4      | Reached skill level 8 in Unarmed Combat
  1959 | D:4      | Found Decatsis's Firing Range.
  2063 | D:5      | Entered Level 5 of the Dungeon
  2101 | D:5      | Reached XP level 8. HP: 19/59 MP: 9/9
  2232 | D:5      | Reached skill level 9 in Unarmed Combat
  2286 | D:5      | Found a transporter.
  2286 | D:5      | Found a transporter.
  2302 | D:5      | Noticed a vampire
  2303 | D:5      | Found a basalt altar of Yredelemnul.
  2307 | D:5      | Noticed Menkaure
  2313 | D:5      | Found an ancient bone altar of Kikubaaqudgha.
  2360 | D:5      | Killed a vampire
  2373 | D:5      | Killed Menkaure
  2374 | D:5      | Reached skill level 10 in Unarmed Combat
  2420 | D:5      | Identified the ring of the Lotus Blossom {Will+ rCorr Int-4
                  | SInv}
  2433 | D:5      | Identified the +9 short sword of the Penguin {chaos,
                  | Stlth+}
  2479 | D:5      | Gained mutation: You passively map the area around you.
                  | [Meteoran growth]
  2479 | D:5      | Reached XP level 9. HP: 64/64 MP: 10/10
  2497 | D:5      | HP: 2/62 [wight/+0 long sword (3)]
  2497 | D:5      | Slain by a wight

Illustrated notes

Levels and vault maps discovered:
D:1:      heliophobic_arrival_ceremonial_halls, layout_loops_ring,
          shapermc_ecumenical_altar_acropolis
D:2:      layout_loops_ring
D:3:      layout_loops_ring, old_standard_altar, uniq_grinder, uniq_jessica
D:4:      layout_gridville, xom_teletrap_fun, minmay_temple_entry_arrows,
          nicolae_shop_firing_range
D:5:      lemuel_ice_spiral_2, layout_basic, gammafunk_temple_of_torment,
          okawaru_gym_becter, zin_scriptorium, minmay_circle_x
Temple:   minmay_temple_forest_path

Skill      XL: |  1  2  3  4  5  6  7  8 |
---------------+-------------------------+-----
Unarmed Combat | 4 5 7 8 10 | 10.4
Shapeshifting  | 4 5 6 7 |  7.3
Fighting       | |  1.1
Dodging        | |  2.1

Action                     |  1- 3 |  4- 6 |  7- 9 || total
---------------------------+-------+-------+-------++-------
  Melee: Unarmed           |    80 |    27 |   121 ||   228
         Punch             |     2 |     2 |     8 ||    12
    Use: Potion            |       |     1 |     1 ||     2
         Scroll            |       |     6 |     3 ||     9
 Armour: Animal skin       |     8 |       |       ||     8
         Ring mail         |       |     4 |    30 ||    34
         Skin              |       |     2 |     7 ||     9
  Dodge: Dodged            |    48 |    10 |    45 ||   103

Table legend: (Time is in decaauts)
 A = Elapsed time spent in this place.
 B = Non-inter-level travel time spent in this place.
 C = Inter-level travel time spent in this place.
 D = Time resting spent in this place.
 E = Time spent auto-exploring this place.
 F = Levels seen in this place.
 G = Mean time per level.
                   A        B        C        D        E       F      G
               +--------+--------+--------+--------+--------+-----+--------+
         Total |   2465 |   2294 |    171 |     39 |   1709 |   6 |  410.8 |
       Dungeon |   2388 |   2285 |    103 |     39 |   1709 |   5 |  477.6 |
        Temple |     77 |      9 |     68 |      0 |      0 |   1 |   77.0 |
               +--------+--------+--------+--------+--------+-----+--------+

Top non-repeatable levels by time:
     D:3: 599 daAuts
     D:1: 518 daAuts
     D:4: 493 daAuts
     D:5: 418 daAuts
     D:2: 359 daAuts
  Temple: 77 daAuts
